 Dungeon Crawl Stone Soup version 0.24.0-125-gc4c63601f3 (webtiles) character file.

Game seed: 18406755805132623818, levelgen mode: deterministic

142 Baddecisions the Sneak (level 5, -5/41 HPs)
             Began as a Human Assassin on Feb 21, 2020.
             Slain by an ice beast (14 damage)
             ... on level 3 of the Dungeon.
             The game lasted 00:08:19 (2442 turns).

Baddecisions the Sneak (Human Assassin)             Turns: 2442, Time: 00:08:20

Health: -5/41      AC:  4    Str: 12    XL:     5   Next: 49%
Magic:  5/5        EV: 12    Int: 11    God:
Gold:   54         SH:  0    Dex: 15    Spells: 4/4 levels left

rFire    + . .     SeeInvis .   a - +2 dagger
rCold    . . .     Gourm    .   (no shield)
rNeg     . . .     Faith    .   b - +0 robe
rPois    .         Spirit   .   (no helmet)
rElec    .         Reflect  .   c - +0 cloak
rCorr    .         Harm     .   (no gloves)
MR       .....                  j - +0 pair of boots
Stlth    +++.......             (no amulet)
HPRegen  0.13/turn              t - ring of protection from fire
MPRegen  0.09/turn              (no ring)

@: no status effects
A: no striking features
a: no special abilities


You were on level 3 of the Dungeon.
You were not hungry.

You visited 1 branch of the dungeon, and saw 3 of its levels.

You collected 54 gold pieces.

Inventory:

Hand Weapons
 a - a +2 dagger (weapon)
Missiles
 d - 63 poisoned darts (quivered)
 e - 2 curare-tipped darts
 l - 4 boomerangs
Armour
 b - a +0 robe (worn)
 c - a +0 cloak (worn)
 g - a +0 ring mail
 h - a scarf of repulsion
 j - a +0 pair of boots (worn)
Jewellery
 t - a ring of protection from fire (left hand)
Scrolls
 i - 3 scrolls of magic mapping {unknown}
 k - 4 scrolls of identify
 m - 3 scrolls of remove curse
 n - a scroll of random uselessness {unknown}
 o - a scroll of enchant armour {unknown}
 p - a scroll of blinking {unknown}
 q - 2 scrolls of fog {unknown}
 r - a scroll of noise {unknown}
 s - a scroll of teleportation {unknown}
 u - a scroll of enchant weapon {unknown}
Potions
 v - a potion of heal wounds
Comestibles
 f - 6 rations


   Skills:
 + Level 3.3 Fighting
 + Level 3.0 Short Blades
 - Level 2.0 Throwing
 - Level 1.0 Dodging
 * Level 5.4 Stealth


You had 4 spell levels left.
You didn't know any spells.
Your spell library was empty.

Dungeon Overview and Level Annotations

Branches:
Dungeon (3/15)

Altars:


Message History

The ice beast is heavily wounded.
The ice beast hits you but does no damage.
You hit the ice beast.
The ice beast is severely wounded.
The ice beast barely misses you.
You hit the ice beast but do no damage.
The ice beast is severely wounded.
You barely miss the ice beast.
The ice beast is severely wounded.
The ice beast closely misses you.
You hit the ice beast but do no damage.
The ice beast is severely wounded.
The ice beast hits you. The ice beast freezes you.
* * * LOW HITPOINT WARNING * * *
You hit the ice beast.
The ice beast is severely wounded.
The ice beast hits you.
* * * LOW HITPOINT WARNING * * *
The ice beast freezes you!
You die...

............###.
#.#.###..#......# #. .#
##
#.#.###..#.####.####.##
... #.
.........#............#
#.# ##
....###................
#.## #. #.........
...... .....#
#.##.###.#.# #..# #.##.#
#.##.###.#.####.###.##.#
#.....Y@................
####.###.######.###.#...
#.# #[# #.# #.#).. #.#
#.# #.# #.##.. #.#
#.######.# #..... #.#
#........# ###### ..#
#.######## ### #.# ###


You could see an ice beast.

Vanquished Creatures
  An orc priest (D:3)
  Jessica (D:2)
  2 adders (D:2)
  An ooze (D:2)
  2 worms (D:2)
  2 dart slugs
  4 orcs (D:3)
  2 giant cockroaches
  6 goblins
  5 hobgoblins
  7 kobolds
  3 quokkas (D:2)
  A ball python (D:2)
  9 bats
  2 frilled lizards (D:1)
  4 rats
52 creatures vanquished.

Notes
Turn   | Place    | Note
-------+----------+-------------------------------------------
     0 | D:1      | Baddecisions the Human Assassin began the quest for the
                  | Orb.
     0 | D:1      | Reached XP level 1. HP: 16/16 MP: 1/1
   191 | D:1      | Reached XP level 2. HP: 21/22 MP: 2/2
   564 | D:2      | Reached XP level 3. HP: 28/28 MP: 3/3
   570 | D:2      | Noticed Jessica
   574 | D:2      | Killed Jessica
   752 | D:2      | Reached XP level 4. HP: 32/34 MP: 4/4
  1334 | D:2      | Reached skill level 5 in Stealth
  1850 | D:3      | Noticed an ice beast
  1976 | D:3      | Reached XP level 5. HP: 38/41 MP: 5/5
  2442 | D:3      | Slain by an ice beast

Levels and vault maps discovered:
D:1:      wander_arrival_chamber, layout_rooms, minmay_cut_off
D:2:      layout_loops_corners, moated_statue, uniq_jessica
D:3:      kennysheep_slugbush, layout_basic, chequers_ecumenical_altar_lobes,
          uniq_crazy_yiuf_cottage

Skill      XL: |  1  2  3  4  5 |
---------------+----------------+-----
Fighting       | 3 |  3.3
Stealth        | 5 |  5.4
Short Blades   | 3 |  3.0
Throwing       | |  2.0
Dodging        | |  1.0

Action                   |  1- 3 |  4- 6 || total
-------------------------+-------+-------++-------
Melee: Dagger            |    57 |   166 ||   223
Throw: Dart              |       |     1 ||     1
  Use: Scroll            |       |     3 ||     3
 Stab: Sleeping          |     3 |     9 ||    12
  Eat: Chunk             |       |     5 ||     5
Armor: Robe              |    16 |    33 ||    49
Dodge: Dodged            |    32 |    76 ||   108
